Map: Arctic Dream LE

Players

Nyalab

  • Race: Protoss Protoss
  • Spawn Location: 6:00

SosoLeTriton

  • Race: Protoss Protoss
  • Spawn Location: 5:00

Massa - Winner!

  • Race: Terran Terran
  • League: Platinum
  • Spawn Location: 12:00

qqq - Winner!

  • Race: Zerg Zerg
  • Spawn Location: 11:00

VOD

Have the link to the VOD?

Description

Time

  • Played on: March 5, 2021, 4:12 p.m.
  • Length: 9:45
Show
View Real Time Build Order
Export as new Build Order

Nyalab Protoss 

Build Orders: 1 Gate Expand, Oracle Opening 

Get SALT Encoding   

  12  0:00  Probe  
  13  0:12  Probe  
  14  0:17  Pylon  
  14  0:24  Probe  
  15  0:36  Probe  
  15  0:41  Gateway  
  16  0:48  Probe, Assimilator  
  17  1:00  Probe  
  17  1:03  Pylon  
  18  1:15  Probe  
  19  1:27  Probe  
  19  1:32  Nexus  
  20  1:47  Cybernetics Core  
  20  1:49  Probe  
  21  1:57  Assimilator  
  21  2:01  Probe  
  22  2:14  Probe  
  23  2:26  Probe  
  23  2:29  Stargate  
  24  2:38  Probe (Chrono Boost)  
  24  2:40  Pylon, Adept  
  24  2:43  Warp Gate  
  27  2:45  Probe (Chrono Boost)  
  27  2:50  Probe (Chrono Boost)  
  29  2:55  Probe (Chrono Boost)  
  29  2:56  Probe (Chrono Boost)  
  31  2:59  Probe (Chrono Boost)  
  31  3:04  Probe  
  33  3:11  Probe, Oracle (Chrono Boost)  
  34  3:17  Probe  
  38  3:22  Assimilator  
  38  3:23  Probe  
  38  3:24  Pylon  
  39  3:29  Probe  
  40  3:35  Probe, Pylon  
  40  3:37  Pylon  
  40  3:38  Oracle (Chrono Boost)  
  41  3:41  Probe  
  41  3:47  Probe  
  46  3:54  Probe, Assimilator  
  47  3:57  Pylon  
  47  3:59  Probe  
  48  4:13  Oracle  
  48  4:15  Probe x2  
  53  4:27  Probe x2  
  55  4:31  Stalker  
  57  4:39  Probe x2  
  57  4:40  Pylon  
  59  4:58  Probe x2  
  61  5:09  Gateway  
  61  5:10  Gateway  
  61  5:12  Gateway  
  61  5:20  Void Ray (Chrono Boost)  
  61  5:24  Nexus  
  61  5:26  Pylon  
  61  5:30  Assimilator  
  61  5:34  Assimilator  
  65  5:37  Pylon  
  63  5:55  Probe x2  
  65  6:00  Gateway, Void Ray  
  65  6:02  Gateway  
  65  6:04  Gateway  
  69  6:29  Probe x2  
  71  6:37  Void Ray  
  71  6:38  Probe  
  72  6:41  Probe x2  
  78  6:50  Probe  
  70  7:03  Stalker  
  70  7:04  Stalker x6  
  78  7:09  Twilight Council  
  78  7:11  Probe x2  
  78  7:12  Pylon  
  80  7:16  Forge  
  80  7:17  Void Ray  
  84  7:44  Blink (Chrono Boost)  
  84  7:46  Stalker x7  
  98  7:55  Photon Cannon  
  98  7:57  Pylon  
  98  7:58  Photon Cannon  
  96  8:00  Photon Cannon  
  90  8:12  Photon Cannon, Pylon  
  90  8:20  Zealot x2  
  90  8:24  Zealot x2  
  98  8:29  Void Ray (Chrono Boost)  
  98  8:32  Probe x2  
  98  8:33  Probe  
  105  8:41  Stargate  
  105  8:42  Photon Cannon  
  105  8:44  Probe x2, Pylon  
  105  8:45  Probe, Photon Cannon  
  100  8:48  Photon Cannon  
  100  8:51  Photon Cannon  
  100  8:54  Photon Cannon  
  100  8:56  Void Ray (Chrono Boost)  
  100  8:57  Templar Archives, Photon Cannon  
  100  9:00  Pylon  
  104  9:18  Stalker x6  
  104  9:19  Stalker  
Show
View Real Time Build Order
Export as new Build Order

SosoLeTriton Protoss 

Build Orders:  

Get SALT Encoding   

  12  0:02  Probe (Chrono Boost)  
  13  0:15  Pylon  
  13  0:32  Probe  
  14  0:40  Forge  
  14  0:44  Probe  
  15  1:06  Pylon  
  15  1:15  Probe (Chrono Boost)  
  16  1:25  Probe (Chrono Boost)  
  17  1:29  Probe (Chrono Boost)  
  17  1:41  Probe  
  18  1:48  Photon Cannon  
  18  1:53  Probe  
  18  1:59  Nexus  
  18  2:05  Probe  
  19  2:14  Gateway  
  19  2:17  Probe  
  19  2:18  Pylon  
  20  2:28  Assimilator  
  21  2:30  Probe  
  21  2:31  Pylon  
  21  2:42  Probe  
  22  2:45  Pylon  
  22  2:54  Probe  
  22  2:58  Pylon  
  23  3:02  Zealot  
  25  3:06  Probe  
  25  3:11  Assimilator  
  26  3:19  Probe x2 (Chrono Boost)  
  28  3:21  Cybernetics Core  
  28  3:30  Probe x2 (Chrono Boost)  
  28  3:32  Pylon  
  30  3:49  Probe, Pylon  
  30  3:54  Probe, Assimilator  
  32  3:59  Warp Gate  
  32  4:01  Probe  
  33  4:06  Probe  
  34  4:13  Probe  
  35  4:18  Twilight Council  
  35  4:26  Gateway  
  35  4:27  Gateway  
  35  4:28  Gateway  
  35  4:29  Probe x2 (Chrono Boost)  
  37  4:36  Assimilator  
  38  4:41  Probe (Chrono Boost)  
  38  4:50  Probe  
  39  5:00  Probe  
  39  5:06  Protoss Ground Weapons Level 1  
  40  5:12  Probe  
  39  5:16  Zealot x2  
  39  5:17  Zealot x2  
  43  5:24  Probe  
  42  5:31  Dark Shrine  
  42  5:36  Probe  
  43  5:43  Zealot  
  43  5:44  Zealot  
  43  5:49  Probe (Chrono Boost)  
  48  6:00  Probe (Chrono Boost)  
  49  6:04  Probe (Chrono Boost)  
  46  6:16  Probe  
  43  6:28  Probe  
  43  6:58  Pylon  
  43  7:05  Zealot x2  
  47  7:14  Photon Cannon  
  41  7:25  Photon Cannon  
  41  7:27  Photon Cannon  
  41  7:28  Photon Cannon  
  35  7:39  Dark Templar x3  
  35  7:40  Dark Templar  
  43  7:54  Shadow Stride  
  43  8:03  Probe  
  44  8:15  Probe  
  44  8:17  Nexus  
  45  8:27  Probe  
  46  8:39  Probe  
  47  8:51  Probe  
  47  8:55  Stalker x4  
Show
View Real Time Build Order
Export as new Build Order

Massa Terran - Winner!

Build Orders: Reaper Expand 

Get SALT Encoding   

  12  0:01  SCV  
  13  0:13  SCV  
  14  0:17  Supply Depot  
  14  0:25  SCV  
  15  0:39  SCV  
  15  0:41  Barracks  
  16  0:48  Refinery  
  16  0:51  SCV  
  17  1:03  SCV  
  18  1:28  Orbital Command  
  18  1:35  Reaper  
  19  1:55  SCV  
  20  2:04  Command Center  
  20  2:17  SCV  
  20  2:22  Barracks Reactor  
  21  2:29  Supply Depot  
  21  2:30  SCV  
  21  2:31  Factory  
  22  2:43  SCV  
  22  2:55  SCV  
  23  2:59  Marine x2  
  25  3:06  Engineering Bay  
  25  3:07  SCV  
  26  3:18  Starport  
  26  3:22  Marine  
  26  3:23  Marine  
  26  3:24  Refinery, Hellion  
  30  3:30  Orbital Command  
  30  3:32  SCV  
  31  3:37  Supply Depot  
  31  3:40  Marine x2  
  33  3:44  SCV  
  34  3:50  Hellion  
  34  3:54  Medivac  
  38  4:00  SCV x2  
  40  4:05  Marine  
  40  4:06  Marine  
  40  4:09  Terran Infantry Weapons Level 1  
  42  4:12  SCV x2, Missile Turret  
  44  4:23  Marine x2  
  46  4:24  SCV x2  
  46  4:25  Supply Depot  
  48  4:40  Medivac  
  48  4:43  Factory Tech Lab, Marine x2  
  52  4:48  SCV x2  
  54  4:56  Missile Turret  
  54  5:01  Marine x2, Missile Turret  
  56  5:17  Barracks  
  56  5:18  Barracks x2  
  56  5:41  SCV x2  
  53  5:53  SCV x2  
  55  6:05  SCV  
  54  6:17  Barracks Reactor, Barracks Tech Lab  
  54  6:18  Barracks Reactor  
  52  6:19  Starport Reactor  
  52  6:20  Terran Infantry Armor Level 1  
  52  6:24  Armory  
  46  6:26  Cyclone  
  46  6:27  Marine x2, Command Center  
  49  6:38  SCV x2  
  51  6:40  Refinery  
  51  6:42  Refinery  
  51  6:43  Supply Depot  
  51  6:44  Supply Depot  
  51  6:45  Marine x2, Supply Depot x2  
  53  6:48  Stimpack  
  53  6:50  SCV, Engineering Bay  
  53  6:53  Marauder  
  56  6:58  Siege Tank  
  56  6:59  Medivac  
  61  7:03  Marine  
  61  7:05  Marine  
  61  7:06  SCV  
  61  7:07  SCV  
  65  7:13  Marine  
  65  7:14  Marine x4  
  70  7:19  Medivac  
  70  7:20  Marine  
  73  7:23  Marine  
  74  7:30  Medivac  
  74  7:32  Marauder, Marine x3  
  74  7:33  Widow Mine  
  74  7:34  Marine  
  84  7:38  Marine  
  84  7:40  Marine  
  84  7:42  SCV x2  
  88  7:49  Medivac  
  88  7:50  Marine x3  
  93  7:52  Marine  
  93  7:53  Marauder  
  93  7:54  SCV  
  93  7:55  SCV, Orbital Command  
  93  7:56  Marine  
  99  8:06  SCV  
  99  8:07  SCV  
  101  8:15  Marauder  
  101  8:19  SCV x2  
  105  8:24  Missile Turret  
  98  8:27  Marine x6  
  98  8:31  SCV  
  105  8:36  Marauder  
  107  8:45  Marine x2  
  109  8:56  Supply Depot  
  109  8:57  Supply Depot  
  109  8:59  Missile Turret  
  109  9:00  Missile Turret  
  109  9:03  Missile Turret  
  109  9:17  Marine  
  109  9:18  SCV x2, Marauder  
  109  9:21  Supply Depot  
  114  9:25  Supply Depot  
  114  9:27  Marine  
Show
View Real Time Build Order
Export as new Build Order

qqq Zerg - Winner!

Build Orders: Hatch First 

Get SALT Encoding   

  12  0:01  Drone  
  13  0:08  Drone  
  14  0:19  Overlord  
  14  0:44  Hatchery  
  14  0:48  Drone  
  14  0:51  Drone  
  14  0:55  Drone  
  16  1:33  Drone x3, Extractor, Spawning Pool  
  17  1:52  Drone  
  18  1:57  Drone  
  18  1:58  Drone  
  20  2:11  Hatchery  
  20  2:14  Drone  
  20  2:15  Drone  
  21  2:28  Overlord  
  21  2:29  Queen  
  23  2:35  Metabolic Boost  
  23  2:38  Drone  
  24  2:46  Queen  
  24  2:51  Drone  
  27  2:53  Drone  
  27  2:55  Drone  
  29  3:05  Drone  
  29  3:06  Drone  
  31  3:14  Zergling x6  
  31  3:18  Lair  
  34  3:34  Drone x2  
  34  3:35  Drone x4  
  34  3:37  Overlord  
  40  3:41  Queen  
  42  3:50  Overlord  
  42  3:51  Extractor  
  42  3:52  Overlord  
  41  4:02  Drone  
  42  4:03  Drone  
  42  4:04  Drone  
  42  4:06  Drone  
  45  4:22  Drone  
  45  4:23  Drone x2, Overlord x2  
  48  4:27  Drone x4, Spire  
  48  4:28  Drone  
  52  4:38  Drone x3  
  55  4:42  Extractor  
  55  4:43  Extractor  
  53  4:55  Spore Crawler  
  53  4:57  Spore Crawler  
  51  5:00  Drone x4  
  51  5:01  Overlord x2  
  51  5:02  Drone x3  
  58  5:15  Extractor  
  58  5:17  Drone x5, Extractor  
  58  5:18  Drone x4  
  65  5:31  Overlord x2  
  64  5:51  Mutalisk x2  
  64  5:52  Mutalisk x3, Corruptor  
  64  5:53  Corruptor  
  64  5:56  Mutalisk  
  76  5:58  Zergling x6  
  76  6:01  Drone x3, Overlord  
  84  6:05  Zergling x2  
  84  6:08  Zerg Flyer Weapons Level 1  
  85  6:12  Infestation Pit  
  85  6:13  Overlord  
  85  6:14  Drone  
  85  6:15  Zergling x2  
  86  6:20  Mutalisk  
  86  6:21  Mutalisk  
  91  6:25  Zergling x4  
  91  6:26  Zergling x8  
  91  6:28  Drone  
  91  6:30  Mutalisk  
  96  6:48  Mutalisk  
  96  6:49  Mutalisk x2  
  99  7:06  Mutalisk x3  
  99  7:07  Zergling x4  
  99  7:08  Zergling x8  
  109  7:27  Corruptor x3  
  109  7:28  Corruptor  
  112  7:38  Hive  
  106  7:45  Hatchery  
  106  7:46  Zergling x2  
  106  7:47  Hatchery, Zergling x8  
  109  7:52  Mutalisk x2  
  109  7:53  Hatchery  
  111  8:28  Spore Crawler  
  111  8:30  Pneumatized Carapace, Overseer  
  111  8:33  Overseer x2  
  107  8:48  Mutalisk x3, Corruptor x2  
  109  8:49  Zergling x2  
  109  8:50  Zergling x6, Overlord x2  
  121  8:57  Overlord x3  
  121  9:08  Hatchery  
  118  9:19  Mutalisk x2  
  118  9:20  Zergling x6  
  118  9:21  Zergling x8, Overlord  
  118  9:22  Drone  
  134  9:29  Drone  
Tags
 
Add a new tag
Caveats
  • Supply blocks, unpowered buildings, or Contaminate may cause inaccurate times.
  • Supply counts are checked every 10 seconds.